AoeStats
← Your Mom

African Clearing

505505017Analyzed
2v2 RM · 23d ago on Sep 9, 2026· 53m 34s· 4 players
Game mode
Random Map
Map size
Medium (4 player)
Population
200
Speed
Normal
Resources
Standard
Victory
Conquest
Starting age
Dark Age
Ending age
Imperial Age
RankedLock teamsTeams togetherTeam positionsShared explorationLock speedFull tech treeHidden civsTurbo modeCheats
Victory
Defeat
🇦🇷 Magyars · Argentina
874
+16
🇦🇷 Celts · Argentina
828
+17
🇩🇪 Franks · Germany
881
-17
🇺🇸 Persians · United States
860
-16
Wick
4:30 Loom
14:42 Feudal Age
18:42 Double-Bit Axe
22:43 Castle Age
20:52 Horse Collar
22:14 Gold Mining
22:38 Forging
22:36 Scale Barding Armor
22:26 Fletching
23:46 Wheelbarrow
23:46 Bow Saw
30:33 Iron Casting
34:13 Heavy Plow
35:45 Kamandaran
36:03 Padded Archer Armor
37:39 Crossbowman
51:03 Leather Archer Armor
50:44 Bodkin Arrow
52:20 Hand Cart
Your Mom
6:26 Loom
16:05 Feudal Age
16:42 Double-Bit Axe
20:50 Wheelbarrow
24:52 Castle Age
25:04 Gold Mining
25:06 Stone Mining
25:25 Scale Barding Armor
25:32 Forging
28:03 Bow Saw
31:23 Fortified Wall
31:52 Caravan
34:40 Chain Barding Armor
34:56 Iron Casting
35:25 Gold Shaft Mining
37:32 Pikeman
38:13 Squires
38:53 Scale Mail Armor
47:26 Husbandry
47:50 Hand Cart
48:14 Ballistics
48:28 Chain Mail Armor
52:24 Imperial Age
52:01 Light Cavalry
53:12 Fletching
Baraqeel
16:43 Feudal Age
23:28 Castle Age
21:58 Double-Bit Axe
22:16 Horse Collar
24:07 Wheelbarrow
23:18 Town Watch
24:28 Bow Saw
24:44 Heavy Plow
24:48 Gold Mining
25:23 Stone Mining
29:07 Gold Shaft Mining
29:07 Stone Shaft Mining
29:10 Forging
29:43 Scale Mail Armor
31:16 Iron Casting
30:57 Chain Mail Armor
31:06 Pikeman
32:53 Chain Mail Armor
33:06 Gambesons
33:34 Arson
34:37 Hand Cart
39:18 Imperial Age
39:02 Town Patrol
40:16 Furor Celtica
40:02 Elite Woad Raider
41:35 Plate Mail Armor
45:10 Blast Furnace
51:09 Halberdier
Mauro Aurelio
9:24 Loom
17:23 Feudal Age
18:23 Double-Bit Axe
18:21 Horse Collar
18:52 Town Watch
20:32 Bloodlines
25:58 Castle Age
27:52 Fletching
28:20 Padded Archer Armor
28:23 Town Patrol
28:43 Bow Saw
28:38 Heavy Plow
30:30 Husbandry
32:21 Scale Mail Armor
34:52 Corvinian Army
35:04 Bodkin Arrow
38:24 Thumb Ring
39:28 Wheelbarrow
39:13 Pikeman
41:37 Arson
45:28 Imperial Age
46:07 Man-at-Arms
47:14 Conscription
46:58 Recurve Bow
47:38 Hoardings
48:12 Hand Cart
48:19 Chain Mail Armor
48:10 Scale Barding Armor
48:05 Bracer
48:21 Leather Archer Armor
48:22 Long Swordsman
52:07 Chemistry
51:28 Ballistics
51:14 Siege Engineers
51:20 Masonry
51:06 Murder Holes
50:52 Treadmill Crane
51:06 Two-Handed Swordsman
52:30 Parthian Tactics
53:02 Champion
Connection lost

Rejoining the realm…

Still unreachable

The connection could not be restored.

Session expired

The server has moved on; the page needs a fresh start.